 Dungeon Crawl Stone Soup version 0.31-a0-75-g6fe912e8c5 (webtiles) character file.

Game seed: 14103558366038002651

65 senseless the Ruffian (level 4, 0/44 HPs)
             Began as an Ogre Transmuter on May 23, 2023.
             Slain by a hobgoblin (1 damage)
             ... on level 2 of the Dungeon.
             The game lasted 00:02:40 (1475 turns).

senseless the Ruffian (Ogre Transmuter)             Turns: 1475, Time: 00:02:41

Health: 0/44       AC:  3    Str: 14    XL:     4   Next: 14%
Magic:  8/8        EV: 10    Int: 14    God:
Gold:   82         SH:  0    Dex: 11    Spells: 3/9 levels left

rFire   . . .        l - +0 flail
rCold   . . .        (no shield)
rNeg    . . .        a - +0 robe
rPois   .            (helmet currently unavailable)
rElec   .            (no cloak)
rCorr   .            (gloves unavailable)
SInv    .            (boots unavailable)
Will    .....        (no amulet)
Stlth   +            (no ring)
HPRegen 0.27/turn    (no ring)
MPRegen 0.11/turn

%: no passive effects
@: appendages (expiring)
A: horns 2, talons 2, large, unfitting armour, tough skin 1
a: End Transformation


You were on level 2 of the Dungeon.
You had temporarily grown beastly horns and talons.
You visited 1 branch of the dungeon, and saw 2 of its levels.

You collected 82 gold pieces.

Inventory:

Hand Weapons
 l - a +0 flail (weapon)
Armour
 a - a +0 robe (worn)
Jewellery
 e - a ring of ice
Scrolls
 d - a scroll of immolation {unknown}
 g - 2 scrolls of identify {unknown}
 h - 4 scrolls of teleportation {unknown}
 i - a scroll of magic mapping {unknown}
 j - a scroll of brand weapon {unknown}
 k - a scroll of torment {unknown}
Potions
 b - a potion of lignification
 c - a potion of curing {unknown}
 f - a potion of mutation {unknown}


   Skills:
 + Level 2.5 Fighting
 + Level 2.3 Dodging
 + Level 3.1 Unarmed Combat
 + Level 3.0 Spellcasting
 + Level 2.3 Transmutations


You had 3 spell levels left.
You knew the following spells:

 Your Spells              Type           Power      Damage    Failure   Level
a - Beastly Appendage     Tmut           16%        N/A       9%          1
b - Wereblood             Tmut           8%         N/A       12%         2
c - Spider Form           Tmut/Pois      4%         N/A       43%         3

Your spell library contained the following spells:

 Spells                   Type           Power      Damage    Failure   Level
 Ice Form                 Ice/Tmut       4%         N/A       83%         4


Dungeon Overview and Level Annotations

Branches:
Dungeon (2/15)

Altars:


Innate Abilities, Weirdness & Mutations

You have temporarily grown beastly horns and talons.
You are too large for most types of armour.
You have tough skin. (AC +1)


Message History

You hit Sigmund. Your kick misses Sigmund. You punch Sigmund.
Sigmund is moderately wounded.
Sigmund hits you with a +0 scythe.
You closely miss Sigmund. You headbutt Sigmund.
Sigmund is moderately wounded.
Sigmund barely misses you.
You completely miss Sigmund. You claw Sigmund, but do no damage.
You headbutt Sigmund, but do no damage.
Sigmund is moderately wounded.
Your transformation is almost over.
Sigmund barely misses you. The hobgoblin hits you.
An endoplasm comes into view.
The endoplasm quivers.
You sock Sigmund! Your kick misses Sigmund. Your headbutt misses Sigmund.
Sigmund is severely wounded.
The hobgoblin hits you. Sigmund hits you with a +0 scythe!
You hit Sigmund. Your kick misses Sigmund.
Sigmund is almost dead.
The hobgoblin hits you.
* * * LOW HITPOINT WARNING * * *
Sigmund casts a spell at you. The magic dart hits you.
* * * LOW HITPOINT WARNING * * *
The hobgoblin hits you.
* * * LOW HITPOINT WARNING * * *
You barely miss Sigmund. Your kick misses Sigmund.
Sigmund is almost dead.
Sigmund closely misses you. The hobgoblin barely misses you.
You barely miss Sigmund.
Sigmund is almost dead.
The hobgoblin barely misses you. Sigmund hits you with a +0 scythe.
* * * LOW HITPOINT WARNING * * *
The hobgoblin hits you.
* * * LOW HITPOINT WARNING * * *
You completely miss Sigmund. You claw Sigmund.
You kill Sigmund!
The endoplasm hits you.
* * * LOW HITPOINT WARNING * * *
The hobgoblin hits you.
You die...

..# #..## #######
..... ....... #.#.##
....... #.#..# .......
###.#..## .......
#<..#...####J......
######'#......@)......
#......)<)#..##g......
#......).##..##.......
#.............#.......
#....)#######.#.......
#.....# #.#.......
###.....# #.#.......
......).# #.#.......
........# #++


You could see an endoplasm and a hobgoblin.

Vanquished Creatures
  Sigmund (D:2)
  Robin (D:1)
  A gnoll (D:1)
  A worm (D:2)
  5 endoplasms
  15 goblins
  2 hobgoblins
  3 kobolds (D:1)
  4 quokkas
  2 bats
35 creatures vanquished.

Notes
Turn   | Place    | Note
-------+----------+-------------------------------------------
     0 | D:1      | senseless the Ogre Transmuter began the quest for the Orb.
     0 | D:1      | Reached XP level 1. HP: 19/19 MP: 3/3
   184 | D:1      | Reached XP level 2. HP: 28/28 MP: 2/5
   586 | D:1      | Reached XP level 3. HP: 29/35 MP: 4/7
   967 | D:2      | Noticed Robin
   987 | D:1      | Killed Robin
  1231 | D:2      | Reached XP level 4. HP: 20/44 MP: 8/8
  1234 | D:2      | Learned a level 2 spell: Wereblood
  1238 | D:2      | Learned a level 3 spell: Spider Form
  1463 | D:2      | Noticed Sigmund
  1475 | D:2      | Killed Sigmund
  1475 | D:2      | HP: 1/44 [endoplasm (2)]
  1475 | D:2      | Slain by a hobgoblin

Illustrated notes

Levels and vault maps discovered:
D:1:      lemuel_arrival_river_ford, layout_basic, minmay_misc_feat_hallway
D:2:      layout_basic, uniq_sigmund, uniq_robin

Skill      XL: |  1  2  3 |
---------------+----------+-----
Dodging        | 2 |  2.3
Transmutations | 2 |  2.3
Fighting       | 2 |  2.5
Unarmed Combat | 3 |  3.1
Spellcasting   | 3 |  3.0

Action                     |  1- 3 |  4- 6 || total
---------------------------+-------+-------++-------
  Melee: Unarmed           |    35 |       ||    35
         Kick              |    12 |     5 ||    17
         Headbutt          |     9 |     4 ||    13
         Flail             |    33 |    23 ||    56
         Punch             |       |     1 ||     1
   Cast: Beastly Appendage |    17 |     3 ||    20
 Armour: Robe              |    17 |     6 ||    23
  Dodge: Dodged            |    53 |     8 ||    61

Table legend: (Time is in decaauts)
 A = Elapsed time spent in this place.
 B = Non-inter-level travel time spent in this place.
 C = Inter-level travel time spent in this place.
 D = Time resting spent in this place.
 E = Time spent auto-exploring this place.
 F = Levels seen in this place.
 G = Mean time per level.
                   A        B        C        D        E       F      G
               +--------+--------+--------+--------+--------+-----+--------+
         Total |   1496 |   1451 |     45 |    204 |   1012 |   2 |  748.0 |
       Dungeon |   1496 |   1451 |     45 |    204 |   1012 |   2 |  748.0 |
               +--------+--------+--------+--------+--------+-----+--------+

Top non-repeatable levels by time:
     D:1: 1209 daAuts
     D:2: 286 daAuts
